 Dungeon Crawl Stone Soup version 0.19-a0-1051-gdb7e7f8 (webtiles) character file.

65 HAL9000 the Shield-Bearer (level 3, -3/33 HPs)
             Began as a Minotaur Fighter on Aug 1, 2016.
             Killed from afar by Sigmund (9 damage)
             ... with a puff of flame
             ... on level 2 of the Dungeon.
             The game lasted 00:03:14 (1469 turns).

HAL9000 the Shield-Bearer (Minotaur Fighter)        Turns: 1469, Time: 00:03:16

Health: -3/33      AC:  9    Str: 20    XL:     3   Next: 94%
Magic:  2/2        EV:  7    Int:  5    God:
Gold:   145        SH:  9    Dex: 10    Spells: 0 memorised, 2 levels left

rFire  . . .     SeeInvis .     a - +0 long sword
rCold  . . .     Gourm    .     b - +0 scale mail
rNeg   . . .     Faith    .     c - +0 shield
rPois  .         Spirit   .     (helmet restricted)
rElec  .         Dismiss  .     h - +0 cloak (curse)
rCorr  .         Reflect  .     r - +0 pair of gloves
SustAt .         Harm     .     (no boots)
MR     .....                    (no amulet)
Stlth  ..........               (no ring)
                                (no ring)

@: not resistant to hostile enchantments, extremely unstealthy
A: retaliatory headbutt, horns 2
a: no special abilities


You were on level 2 of the Dungeon.
You were not hungry.

You visited 1 branch of the dungeon, and saw 2 of its levels.

You collected 145 gold pieces.

Inventory:

Hand Weapons
 a - a +0 long sword (weapon)
Armour
 b - a +0 scale mail (worn)
 c - a +0 shield (worn)
 h - a cursed +0 cloak (worn)
 r - a +0 pair of gloves (worn)
Scrolls
 i - 3 scrolls of identify {unknown}
 p - 2 scrolls of enchant armour {unknown}
 q - a scroll of enchant weapon {unknown}
 s - a scroll of magic mapping {unknown}
 t - a scroll of amnesia {unknown}
 u - a scroll of teleportation {unknown}
Potions
 d - a potion of might
 j - a potion of haste {unknown}
 k - a potion of cancellation {unknown}
 l - a potion of degeneration {unknown}
 m - a potion of berserk rage {unknown}
 o - a potion of cure mutation {unknown}
Comestibles
 f - 2 bread rations
 v - a chunk of flesh


   Skills:
 + Level 4.0 Fighting
 * Level 3.9 Long Blades
 + Level 4.1 Armour
 + Level 4.2 Shields


You had 2 spell levels left.
You didn't know any spells.

Dungeon Overview and Level Annotations

Branches:
Dungeon (2/15)

Altars:

Annotations:
D:2 Sigmund


Innate Abilities, Weirdness & Mutations

You reflexively headbutt those who attack you in melee.
You have a pair of horns on your head.


Message History

You miss something. Something hits you.
* * * LOW HITPOINT WARNING * * *
Unknown command.
It was a potion of curing.
You feel better. Something hits you but does no damage.
Unknown command.
You hit something but do no damage. Something hits you.
* * * LOW HITPOINT WARNING * * *
Unknown command.
You closely miss something. Your headbutt misses something. Something hits you.
* * * LOW HITPOINT WARNING * * *
You miss something. You headbutt something!
Unknown command.
You closely miss something. You headbutt something! Something hits you.
* * * LOW HITPOINT WARNING * * *
You hit something but do no damage.
You hear some strange, mumbled words.
A puff of flame appears from out of thin air!
The puff of flame hits you!
You die...

##.#.# ##.## #.#####..
#.#.# #.# #.# ##. #.#.# #.#
#.# #.
###.#.######.############.#
##
#......................##.#
#.###.##########.#####.##.#
..# #.# #.# #.##.# #####.#
#(# #....# ......# #@#
#.####
################{#####.#
...#####........K......#
##..........).....#.####
#..####.########.#.# .....
#.#.# #.###.#
.########(#.###. ..
.........K.........# >.
........###.#.###..


You could see a kobold.

Vanquished Creatures
  An adder (D:2)
  A dart slug (D:1)
  A giant gecko (D:1)
  2 ball pythons (D:1)
  2 giant cockroaches (D:1)
  7 goblins
  5 hobgoblins
  9 jackals
  5 bats
  5 giant newts
  6 kobolds
  6 rats
50 creatures vanquished.

Notes
Turn   | Place    | Note
-------+----------+-------------------------------------------
     0 | D:1      | HAL9000 the Minotaur Fighter began the quest for the Orb.
     0 | D:1      | Reached XP level 1. HP: 19/19 MP: 0/0
   119 | D:1      | Reached XP level 2. HP: 26/26 MP: 1/1
   691 | D:1      | Reached XP level 3. HP: 28/33 MP: 2/2
  1440 | D:2      | Noticed Sigmund
  1469 | D:2      | Killed from afar by Sigmund

Vault maps used:
D:1:      onia_arrival_mini_maze, grunt_decor_resistance
D:2:      uniq_sigmund

Skill      XL: |  1  2  3 |
---------------+----------+-----
Long Blades    | 3 |  3.9
Shields        | 4 |  4.2
Armour         | 4 |  4.1
Fighting       | 4 |  4.0

Action                   || total
-------------------------++-------
Melee: Long sword        ||   124
       Headbutt          ||    20
  Use: Potion            ||     1
  Eat: Chunk             ||     2
Armor: Scale mail        ||    56
Dodge: Dodged            ||    36
Block: Shield            ||    60
